 Dungeon Crawl Stone Soup version 0.21-a0-125-gb006224 (webtiles) character file.

222 tilp the Chopper (level 5, -1/41 HPs)
             Began as a Demonspawn Gladiator on July 14, 2017.
             Slain by an orc
             ... wielding the +8 dagger "Gaoxkeud" {flame, Dex+4}
              (2 damage)
             ... on level 4 of the Dungeon.
             The game lasted 00:07:07 (2913 turns).

tilp the Chopper (Demonspawn Gladiator)             Turns: 2913, Time: 00:07:09

Health: -1/41      AC:  4    Str: 15    XL:     5   Next: 66%
Magic:  5/5        EV: 14    Int: 10    God:
Gold:   57         SH:  0    Dex: 14    Spells: 3/4 levels left

rFire    . . .     SeeInvis .   a - +0 war axe
rCold    . . .     Gourm    .   (no shield)
rNeg     . . .     Faith    .   b - +0 leather armour
rPois    .         Spirit   .   c - +0 helmet
rElec    .         Reflect  .   m - scarf {repulsion}
rCorr    .         Harm     .   (no gloves)
MR       .....                  (no boots)
Stlth    +.........             (no amulet)
HPRegen  0.13/turn              (no ring)
MPRegen  0.09/turn              (no ring)

@: repel missiles
A: repulsion field 1, powered by death 1
a: no special abilities


You were on level 4 of the Dungeon.
You were not hungry.

You visited 1 branch of the dungeon, and saw 4 of its levels.

You collected 95 gold pieces.
You spent 38 gold pieces at shops.

Inventory:

Hand Weapons
 a - a +0 war axe (weapon)
 p - a cursed -1 dagger
Missiles
 d - 3 throwing nets (quivered)
Armour
 b - a +0 leather armour (worn)
 c - a +0 helmet (worn)
 m - a scarf of repulsion (worn)
Scrolls
 g - a scroll of blinking {unknown}
 h - 2 scrolls of recharging {unknown}
 i - 2 scrolls of identify {unknown}
 j - a scroll of remove curse {unknown}
 r - a scroll of teleportation {unknown}
 s - 2 scrolls of enchant weapon {unknown}
Potions
 e - a potion of curing {unknown}
 l - a potion of lignification {unknown}
 o - a potion of resistance {unknown}
Books
 q - a book of Callings

   Spells                             Type                      Level
   a - Summon Small Mammal            Summoning                    1
   b - Call Imp                       Summoning                    2
   c - Call Canine Familiar           Summoning                    3
   d - Summon Guardian Golem          Hexes/Summoning              3
   e - Summon Lightning Spire         Summoning/Air                4
   f - Summon Ice Beast               Ice/Summoning                4
Comestibles
 f - 5 bread rations
 k - a royal jelly


   Skills:
 + Level 3.5 Fighting
 * Level 5.2 Axes
 - Level 1.7 Throwing
 - Level 2.6 Dodging


You had 3 spell levels left.
You knew the following spells:

 Your Spells              Type           Power        Failure   Level  Hunger
a - Summon Small Mammal   Summ           #...         43%         1    ##.....


Dungeon Overview and Level Annotations

Branches:
Dungeon (4/15)
 Temple: D:4-7

Altars:

Shops:
D:4 *


Innate Abilities, Weirdness & Mutations

You are surrounded by a mild repulsion field. (EV +2)
You regenerate a little health from kills.


Message History

Confirm with . or Enter, or press ? or * to list all spells.
You start resting.
Eating a chunk of flesh.
You eat the chunk of flesh.
This raw flesh tastes terrible.
Magic restored.
You start resting.
An orc comes into view.
It is wielding a twisted dagger {flame}.
The orc barely misses you.
You barely miss the orc.
The orc hits you with a twisted dagger {flame}!
* * * LOW HITPOINT WARNING * * *
The orc burns you.
* * * LOW HITPOINT WARNING * * *
The orc closely misses you.
You hit the orc.
The orc is heavily wounded.
Your rat bites the orc.
The orc hits you with a twisted dagger {flame}!
* * * LOW HITPOINT WARNING * * *
The orc burns you.
You die...

##++# ### ......
... .. ..... ..
#. ###...♣ ..
#.##.'..♣ #.####
#....[..♣
....##....#
#.#..##..##
#.##.@o...#
#....r##..####++#
#####.##.........
#......[####...
#.......####.
#....PP...[..
#.<.P∩P.#####
#...PPP.#
#..)....#


You could see an orc and a friendly rat.

Vanquished Creatures
  An orc wizard (D:3)
  An orc priest (D:3)
  An iguana (D:4)
  A hound skeleton (D:3)
  5 adders
  3 dart slugs
  2 leopard geckos
  8 orcs
  6 bats
  2 giant cockroaches
  10 goblins
  6 hobgoblins
  2 jackals (D:1)
  6 frilled lizards
  8 kobolds
  4 rats
66 creatures vanquished.

Notes
Turn   | Place    | Note
-------+----------+-------------------------------------------
     0 | D:1      | tilp the Demonspawn Gladiator began the quest for the Orb.
     0 | D:1      | Reached XP level 1. HP: 16/16 MP: 1/1
   109 | D:1      | Reached skill level 3 in Axes
   129 | D:1      | Gained mutation: You are surrounded by a mild repulsion field. (EV +2) [demonic ancestry]
   129 | D:1      | Reached XP level 2. HP: 10/22 MP: 2/2
  1146 | D:2      | Reached XP level 3. HP: 27/27 MP: 3/3
  1540 | D:2      | Reached skill level 4 in Axes
  1949 | D:3      | Reached XP level 4. HP: 34/34 MP: 4/4
  2185 | D:3      | Gained mutation: You regenerate a little health from kills. [demonic ancestry]
  2185 | D:3      | Reached XP level 5. HP: 25/41 MP: 5/5
  2580 | D:3      | Reached skill level 5 in Axes
  2848 | D:4      | Found Secyq's Assorted Antiques.
  2853 | D:4      | Bought a scroll labeled CURAAK POEKH for 19 gold pieces
  2853 | D:4      | Bought a scroll labeled ZAPACZ KOZO for 19 gold pieces
  2855 | D:4      | Learned a level 1 spell: Summon Small Mammal
  2913 | D:4      | HP: 1/41 [orc/twisted dagger {flame} (9)]
  2913 | D:4      | Identified the +8 dagger "Gaoxkeud" {flame, Dex+4}
  2913 | D:4      | Slain by an orc

Vault maps used:
D:1:      kilobyte_arrival_exit_the_forest, st_stairs_1, kennysheep_boxes
D:3:      minivault_14, st_stairs_10
D:4:      grunt_temple_overflow_champion_of_chaos,
          lemuel_zombie_altar_yredelemnul, serial_shops,
          nicolae_shop_overgrown_old_shop, first_bread, minmay_misc_feat_square,
          kennysheep_generic_room_7, uniq_blork_the_orc

Skill      XL: |  1  2  3  4  5 |
---------------+----------------+-----
Axes           | 3 4 5 |  5.2
Fighting       | 3 |  3.5
Throwing       | |  1.7
Dodging        | |  2.6

Action                   |  1- 3 |  4- 6 || total
-------------------------+-------+-------++-------
Melee: War axe           |    98 |    91 ||   189
 Cast: Summon Small Mamm |       |     1 ||     1
 Stab: Sleeping          |     1 |       ||     1
  Eat: Chunk             |     2 |     3 ||     5
       Royal jelly       |     1 |       ||     1
Armor: Leather armour    |    21 |    17 ||    38
Dodge: Dodged            |    89 |    78 ||   167
